Map: Romanticide LE

Players

Cham - Winner!

  • Race: Zerg Zerg

Ryu

  • Race: Zerg Zerg

Event: DreamHack SC2 Masters 2021 Fall

VOD

Have the link to the VOD?

Description

Time

  • Played on: July 28, 2021, 5:23 p.m.
  • Length: 13:18

All games in this series

Show
View Real Time Build Order
Export as new Build Order

Cham Zerg - Winner!

Build Orders: Hatch First, Lurkers, Muta Ling Bane 

Get SALT Encoding   

  12  0:00  Drone  
  13  0:08  Drone  
  14  0:17  Overlord  
  14  0:36  Drone x2  
  16  0:48  Hatchery  
  15  0:53  Drone  
  16  0:57  Drone  
  16  1:02  Drone  
  18  1:13  Spawning Pool  
  18  1:16  Extractor  
  16  1:18  Drone  
  16  1:23  Drone  
  18  1:30  Drone  
  19  1:42  Drone  
  20  1:54  Drone  
  20  2:00  Queen x2  
  25  2:01  Zergling x2  
  25  2:03  Overlord  
  26  2:12  Drone  
  26  2:13  Drone  
  28  2:17  Metabolic Boost  
  29  2:22  Drone  
  29  2:25  Drone  
  30  2:34  Hatchery  
  29  2:37  Drone  
  29  2:43  Baneling Nest  
  29  2:46  Drone  
  29  2:50  Drone  
  31  2:53  Overlord  
  31  2:56  Drone  
  31  2:58  Drone  
  33  3:07  Zergling x4  
  35  3:13  Drone x3  
  35  3:14  Zergling x2  
  35  3:16  Drone x2  
  41  3:23  Evolution Chamber  
  41  3:25  Drone x2  
  42  3:32  Overlord  
  42  3:34  Drone  
  43  3:46  Drone x2  
  45  3:49  Zerg Melee Weapons Level 1, Overlord  
  45  3:53  Overlord  
  45  3:55  Lair  
  45  3:57  Extractor  
  45  3:58  Drone  
  45  3:59  Drone x2  
  47  4:05  Roach Warren  
  47  4:06  Queen  
  47  4:09  Drone  
  49  4:11  Drone  
  49  4:14  Drone  
  49  4:15  Overlord  
  51  4:21  Drone x2  
  51  4:22  Drone x2  
  55  4:24  Drone  
  55  4:27  Drone x2  
  57  4:32  Overlord  
  57  4:33  Extractor, Drone  
  57  4:34  Extractor, Drone  
  57  4:35  Drone  
  57  4:37  Drone  
  59  4:41  Drone x3  
  62  4:52  Extractor  
  62  4:53  Extractor, Drone  
  62  4:55  Zergling x6  
  62  4:56  Spire  
  62  4:59  Zergling x6  
  66  5:06  Drone x2  
  68  5:08  Zergling x2  
  68  5:09  Zergling x4  
  71  5:15  Baneling x2  
  71  5:17  Zergling x4  
  71  5:18  Zergling x8  
  77  5:23  Drone x2  
  77  5:24  Zergling x2  
  80  5:32  Zergling x4  
  80  5:34  Zergling x4  
  81  5:36  Zergling x4  
  81  5:40  Zergling x4  
  81  5:41  Zergling x2  
  84  5:48  Zergling x8  
  84  5:49  Zerg Melee Weapons Level 2  
  76  6:06  Drone  
  76  6:08  Mutalisk  
  76  6:09  Mutalisk x6  
  90  6:13  Overlord x2  
  84  6:26  Mutalisk x3  
  84  6:30  Overlord  
  84  6:32  Zerg Flyer Weapons Level 1  
  86  6:36  Mutalisk x2  
  86  6:40  Mutalisk  
  86  6:42  Zergling x6  
  86  6:43  Zergling x4  
  93  6:48  Mutalisk  
  93  6:50  Zergling x2  
  96  7:02  Mutalisk x2  
  96  7:04  Zergling x14  
  96  7:08  Mutalisk  
  109  7:11  Zergling x2, Overlord  
  109  7:12  Zergling x2  
  110  7:16  Mutalisk x2  
  109  7:23  Queen  
  109  7:27  Centrifical Hooks  
  109  7:28  Zergling x2  
  109  7:29  Zergling x4  
  106  7:30  Overseer  
  106  7:34  Zergling x4  
  107  7:38  Zergling x2  
  107  7:43  Mutalisk  
  111  7:44  Zergling x4  
  111  7:48  Drone x5  
  117  7:57  Mutalisk x2  
  121  8:05  Overlord  
  121  8:07  Zerg Ground Armor Level 1  
  121  8:12  Infestation Pit  
  120  8:13  Drone x2  
  120  8:15  Drone, Spine Crawler  
  120  8:17  Spine Crawler  
  121  8:20  Overlord  
  121  8:21  Drone  
  120  8:31  Drone x7  
  120  8:33  Pneumatized Carapace  
  125  8:44  Hydralisk Den  
  125  8:45  Glial Reconstitution  
  125  8:48  Evolution Chamber  
  121  8:51  Drone x3  
  120  8:56  Drone x3  
  120  9:00  Hatchery  
  121  9:03  Drone x4  
  121  9:09  Overlord  
  124  9:19  Lurker Den  
  124  9:20  Drone x2  
  124  9:21  Hive  
  124  9:23  Drone x5  
  130  9:26  Drone x2  
  130  9:30  Drone  
  130  9:31  Drone x3  
  136  9:33  Drone x2  
  138  9:38  Hydralisk  
  138  9:39  Hydralisk  
  138  9:43  Hydralisk  
  138  9:45  Extractor  
  143  9:48  Hydralisk  
  143  9:49  Extractor  
  144  9:55  Overlord  
  144  9:57  Zerg Missile Weapons Level 1  
  144  9:58  Spine Crawler  
  144  9:59  Drone  
  144  10:00  Drone  
  144  10:02  Overlord  
  144  10:05  Overlord x2  
  144  10:06  Overlord  
  145  10:09  Overseer  
  145  10:13  Hydralisk x2  
  149  10:21  Hydralisk x3  
  149  10:22  Hydralisk x2  
  149  10:26  Hydralisk x2  
  163  10:36  Adaptive Talons  
  163  10:41  Zerg Ground Armor Level 2  
  163  10:42  Hydralisk x2  
  163  10:44  Drone x2  
  163  10:47  Hydralisk  
  167  10:57  Roach x2  
  167  10:58  Roach  
  167  11:00  Viper  
  167  11:01  Viper, Hatchery  
  178  11:06  Spine Crawler  
  177  11:13  Hydralisk x3  
  177  11:15  Roach x3  
  187  11:19  Hydralisk x2  
  187  11:25  Overlord x2  
  191  11:31  Hydralisk  
  191  11:32  Overlord  
  191  11:33  Seismic Spines  
  191  11:38  Roach x2  
  188  11:41  Hydralisk x2  
  188  11:42  Hydralisk  
  188  11:44  Hydralisk x3  
  195  11:48  Spine Crawler  
  195  11:49  Drone  
  195  11:50  Drone x4  
  197  11:56  Spine Crawler, Roach  
  197  11:57  Roach  
  195  12:09  Lurker x4  
  195  12:10  Lurker  
  195  12:15  Spine Crawler  
  199  12:16  Spine Crawler  
  199  12:19  Hydralisk x2  
  200  12:27  Overseer  
  200  12:30  Overlord  
  200  12:35  Spine Crawler  
  197  12:44  Hydralisk  
  197  12:50  Overseer  
  197  12:51  Hydralisk  
Show
View Real Time Build Order
Export as new Build Order

Ryu Zerg 

Build Orders: Hatch First 

Get SALT Encoding   

  12  0:00  Drone  
  13  0:12  Overlord  
  13  0:17  Drone  
  14  0:31  Drone x2  
  16  0:48  Hatchery  
  15  0:52  Drone  
  15  0:55  Drone  
  17  0:59  Drone  
  17  1:01  Extractor  
  17  1:15  Spawning Pool  
  17  1:17  Drone  
  17  1:21  Drone  
  18  1:28  Drone  
  19  1:39  Drone  
  20  1:53  Overlord  
  20  2:02  Queen x2  
  20  2:04  Zergling x2, Metabolic Boost  
  20  2:07  Drone  
  26  2:12  Drone  
  26  2:14  Drone  
  28  2:22  Drone  
  29  2:24  Zergling x2  
  30  2:33  Zergling x2  
  31  2:42  Hatchery  
  30  2:45  Drone  
  30  2:46  Overlord  
  31  2:53  Baneling Nest  
  31  2:56  Drone  
  31  2:57  Drone  
  32  3:06  Drone  
  32  3:07  Queen  
  34  3:13  Drone x2  
  34  3:14  Drone  
  34  3:19  Drone x2  
  39  3:21  Drone  
  39  3:24  Drone x2  
  42  3:28  Overlord  
  42  3:34  Evolution Chamber  
  42  3:35  Zergling x2  
  42  3:38  Zergling x2  
  42  3:40  Baneling  
  43  3:48  Drone x4  
  46  3:50  Drone  
  46  3:51  Drone x2  
  46  3:54  Extractor  
  46  3:55  Overlord  
  49  3:59  Drone x2  
  49  4:01  Zerg Missile Weapons Level 1  
  51  4:03  Drone  
  51  4:08  Drone x2  
  51  4:09  Drone  
  55  4:13  Lair  
  55  4:15  Drone  
  56  4:19  Drone x2  
  57  4:26  Drone, Overlord  
  58  4:31  Roach Warren, Drone x3  
  58  4:35  Drone x3  
  58  4:38  Overlord  
  63  4:42  Extractor x2  
  61  4:47  Drone x5  
  61  4:50  Pneumatized Carapace  
  61  4:51  Drone  
  67  4:59  Drone  
  68  5:01  Extractor  
  68  5:02  Drone x3  
  68  5:04  Drone x3  
  73  5:08  Drone x2  
  73  5:09  Evolution Chamber  
  73  5:11  Roach  
  73  5:13  Overseer  
  76  5:17  Baneling  
  76  5:19  Baneling x2  
  76  5:20  Zergling x4  
  76  5:21  Hatchery  
  77  5:22  Roach  
  77  5:28  Roach Warren, Roach  
  80  5:29  Roach  
  80  5:35  Glial Reconstitution  
  80  5:39  Overlord x2  
  80  5:40  Baneling x2  
  78  5:46  Queen  
  78  5:48  Queen x2  
  72  5:57  Roach x3  
  72  6:00  Drone  
  72  6:01  Drone  
  78  6:06  Roach x3  
  78  6:08  Tunneling Claws  
  82  6:13  Roach x2  
  82  6:14  Roach  
  82  6:15  Zergling x2  
  82  6:18  Roach x2  
  89  6:21  Roach  
  89  6:23  Burrow  
  89  6:24  Roach  
  83  6:27  Roach  
  83  6:30  Roach  
  83  6:34  Roach x2  
  86  6:42  Spore Crawler x2  
  86  6:43  Spore Crawler  
  86  6:44  Spore Crawler  
  82  6:48  Spore Crawler  
  82  6:50  Spore Crawler  
  82  6:53  Roach x3  
  85  6:58  Drone x3  
  83  7:01  Drone x2  
  83  7:05  Drone x2  
  85  7:10  Drone x2  
  87  7:17  Roach x3  
  87  7:22  Infestation Pit  
  92  7:27  Roach x2  
  88  7:33  Drone x6  
  84  7:39  Roach x2  
  86  7:45  Queen  
  86  7:46  Queen  
  86  7:47  Zerg Missile Weapons Level 2  
  86  7:49  Drone  
  86  7:50  Drone  
  92  7:55  Spore Crawler  
  92  7:57  Spore Crawler  
  90  7:58  Roach  
  90  7:59  Roach  
  90  8:04  Roach  
  90  8:05  Roach x6  
  88  8:08  Roach  
  88  8:09  Spore Crawler, Roach x3  
  95  8:20  Overlord x2, Hive  
  95  8:26  Roach x3  
  91  8:30  Roach  
  91  8:33  Overlord x2  
  91  8:38  Queen x2  
  91  8:39  Zerg Ground Armor Level 1, Drone, Roach x2  
  91  8:40  Drone x2  
  98  8:43  Drone  
  98  8:44  Overlord x2  
  98  8:46  Roach x2  
  97  8:53  Extractor  
  97  8:55  Roach x2  
  91  8:57  Roach x5  
  91  9:02  Roach x3  
  105  9:04  Hydralisk Den  
  105  9:06  Roach x2  
  105  9:08  Roach x2  
  108  9:18  Roach x3  
  108  9:22  Extractor  
  111  9:26  Drone x5  
  112  9:38  Extractor, Drone x3  
  113  9:39  Viper  
  116  9:47  Hydralisk Den  
  116  9:52  Roach x7  
  113  10:07  Viper  
  113  10:12  Hatchery  
  113  10:14  Viper  
  113  10:16  Roach x7  
  110  10:26  Hydralisk x4  
  112  10:32  Roach x3  
  118  10:45  Roach x2  
  118  10:46  Overlord x5  
  118  10:47  Overlord x2  
  118  10:51  Muscular Augments  
  118  10:53  Lurker Den  
  118  10:55  Roach x3  
  121  10:59  Overlord x3  
  121  11:00  Overlord  
  121  11:03  Roach x3  
  121  11:12  Roach x2  
  121  11:13  Roach x2  
  121  11:16  Roach  
  121  11:17  Roach x11  
  145  11:24  Hatchery  
  139  11:28  Extractor  
  139  11:29  Extractor, Drone x3  
  139  11:30  Drone x2  
  141  11:35  Roach  
  138  11:40  Roach x2  
  138  11:41  Roach  
  138  11:45  Roach x2  
  130  11:47  Hydralisk x6  
  130  11:51  Spore Crawler  
  141  12:14  Hatchery, Adaptive Talons  
  140  12:19  Hydralisk  
  138  12:33  Lurker  
  138  12:34  Lurker  
  140  12:51  Hydralisk x6  
  130  12:57  Overseer  

Tags
 
Add a new tag
Caveats
  • Supply blocks, unpowered buildings, or Contaminate may cause inaccurate times.
  • Supply counts are checked every 10 seconds.